 Dungeon Crawl Stone Soup version 0.23.2-1-ga50397a (webtiles) character file.

Game seed: 15555811522904979905

26363 sankara the Severer (level 12, 71/103 HPs)
             Began as a Deep Dwarf Berserker on May 8, 2019.
             Was an Elder of Trog.
             Got out of the dungeon alive.
             The game lasted 02:10:01 (12572 turns).

sankara the Severer (Deep Dwarf Berserker)         Turns: 12572, Time: 02:10:02

Health: 71/103     AC: 27    Str: 30    XL:     12   Next: 97%
Magic:  11/11      EV: 15    Int: 12    God:    Trog [****..]
Gold:   679        SH:  0    Dex: 16    Spells: 11/11 levels left

rFire    + . .     SeeInvis .   a - +7 executioner's axe of Superiority {venom, rElec Str+2}
rCold    + . .     Gourm    .   (shield currently unavailable)
rNeg     . . .     Faith    .   P - +7 chain mail of Lucidity {Str+3 Int+3}
rPois    .         Spirit   .   d - +0 helmet
rElec    +         Reflect  .   T - +2 cloak {MR+}
rCorr    .         Harm     .   s - +0 pair of gloves
MR       ++...                  I - +2 pair of boots
Stlth    ..........             y - amulet of the acrobat
HPRegen  0.00/turn              V - ring of protection from cold {rC+, !d}
MPRegen  0.12/turn              u - ring of Riqif {rF+ Dex+4}

@: non-regenerating
A: damage resistance, heal wounds, sense surroundings 2, no regeneration
a: Heal Wounds, Berserk, Trog's Hand, Brothers in Arms, Renounce Religion


You escaped.
You worshipped Trog.
Trog was greatly pleased with you.
You were not hungry.

You visited 3 branches of the dungeon, and saw 15 of its levels.
You also visited: Gauntlet.

You collected 980 gold pieces.
You spent 301 gold pieces at shops.

Inventory:

Hand Weapons
 a - the +7 executioner's axe of Superiority (weapon) {venom, rElec Str+2}
   (You took it off a minotaur in a Gauntlet)

   It poisons the flesh of those it strikes.
   It affects your strength (+2).
   It insulates you from electricity.
 b - a +0 hand crossbow
   (You found it on level 2 of the Lair of Beasts)
 e - a +1 hand axe of flaming
   (You found it on level 1 of the Lair of Beasts)
 G - a +3 battleaxe of freezing
   (You took it off a wight on level 7 of the Dungeon)
Missiles
 g - 19 sling bullets
 i - 17 stones (quivered)
 O - 16 javelins
 R - 47 bolts
Armour
 d - a +0 helmet (worn)
   (You found it on level 1 of the Dungeon)
 s - a +0 pair of gloves (worn)
   (You found it on level 2 of the Dungeon)
 I - a +2 pair of boots (worn)
   (You found it on level 7 of the Dungeon)
 J - the +6 scale mail of Responsibility {+Fly Dex+3}
   (You found it on level 6 of the Dungeon)

   It affects your dexterity (+3).
   It lets you fly.
 P - the +7 chain mail of Lucidity (worn) {Str+3 Int+3}
   (You found it on level 8 of the Dungeon)

   It affects your strength (+3).
   It affects your intelligence (+3).
 T - a +2 cloak of magic resistance (worn)
   (You bought it in a shop on level 8 of the Dungeon)
 W - a scarf of resistance
   (You found it on level 9 of the Dungeon)
Jewellery
 u - the ring of Riqif (right hand) {rF+ Dex+4}
   (You found it in a Gauntlet)

   [ring of protection from fire]

   It affects your dexterity (+4).
   It protects you from fire.
 y - an amulet of the acrobat (around neck)
   (You found it on level 3 of the Lair of Beasts)
 Q - a +3 ring of evasion
   (You took it off a minotaur in a Gauntlet)
 V - a ring of protection from cold (left hand) {rC+, !d}
   (You found it in a Gauntlet)
Wands
 w - a wand of enslavement (6)
   (You found it on level 6 of the Dungeon)
 x - a wand of scattershot (4)
   (You found it on level 7 of the Dungeon)
 K - a wand of disintegration (4)
   (You found it on level 7 of the Dungeon)
 Y - a wand of flame (40)
   (You took it off a big kobold on level 9 of the Dungeon)
Scrolls
 f - 5 scrolls of enchant armour {unknown}
 h - 3 scrolls of amnesia {unknown}
 k - 3 scrolls of teleportation {unknown}
 l - 4 scrolls of fear {unknown}
 m - 5 scrolls of remove curse
 n - 2 scrolls of magic mapping {unknown}
 o - a scroll of brand weapon {unknown}
 r - 2 scrolls of noise {unknown}
 t - 4 scrolls of blinking {unknown}
 B - 3 scrolls of enchant weapon {unknown}
 H - 3 scrolls of immolation {unknown}
Potions
 p - 3 potions of haste
 v - 7 potions of curing {unknown}
 z - 2 potions of cancellation
 M - 5 potions of heal wounds
 U - a potion of berserk rage {!q}
 X - a potion of resistance
Comestibles
 c - 31 rations
 j - a chunk of flesh {@w0}


   Skills:
 - Level 5.0 Fighting
 * Level 18.9 Axes
 + Level 6.6 Crossbows
 - Level 8.9 Armour
 - Level 8.8 Dodging
 - Level 5.2 Stealth
 - Level 8.3 Evocations


You had 11 spell levels left.
You didn't know any spells.
Your spell library was empty.

Dungeon Overview and Level Annotations

Branches:
Dungeon (10/15)            Temple (1/1) D:6            Lair (4/6) D:10
 Shoals (0/4) Lair:2        Snake (0/4) Lair:2
    Orc: D:9-12

Altars:
Ashenzari
Cheibriados
Dithmenos
Elyvilon
Fedhas
Gozag
Hepliaklqana
Kikubaaqudgha
Makhleb
Nemelex Xobeh
Okawaru
Qazlal
Ru
Sif Muna
Trog
Uskayaw
Vehumet
Wu Jian
Xom
Yredelemnul
Zin
The Shining One

Shops:
D:8 [

Annotations:
Lair:2 2 transporters, Curus's ghost, journeyman MiAK


Innate Abilities, Weirdness & Mutations

You are resistant to damage.
You can heal yourself by infusing magical energy.
You passively map the area around you.
You do not regenerate.


Message History

You see here a yak skeleton.
There is a stone staircase leading up, spattered with blood here.
You climb upwards.
There is a stone staircase leading down here.
You see here a yak skeleton.
There is a stone staircase leading up here.
You climb upwards.
Level annotation: 2 transporters, Curus's ghost, journeyman MiAK
There is a stone staircase leading down here.
There is an open door here.
There is an open door here.
There is a stone staircase leading up here.
You climb upwards.
There is a stone staircase leading down here.
There is a staircase back to the Dungeon here.
You climb upwards.
Welcome back to the Dungeon!
There is a staircase to the Lair here.
There is a stone staircase leading up here.
You climb upwards.
There is a stone staircase leading down here.
There is a stone staircase leading up here.
You climb upwards.
There is a stone staircase leading down here.
You see here 2 arrows.
You see here 2 arrows.
There is a stone staircase leading up here.
You climb upwards.
There is a stone staircase leading down here.
There is an escape hatch in the ceiling here.
A mysterious force pulls you upwards. The hatch slams shut behind you.
Eating one of 21 chunks of flesh {@w0}.
You eat one of the 21 chunks of flesh {@w0}.
This raw flesh tastes terrible.
There is a stone staircase leading up here.
You climb upwards.
There is a stone staircase leading down here.
There is a stone staircase leading up here.
You climb upwards.
The frilled lizard hisses angrily.
The frilled lizard is too close now for your liking.
There is a stone staircase leading down here.
You are too injured to fight recklessly!
You are too injured to fight recklessly!
You are too injured to fight recklessly!
You cut the frilled lizard into ribbons!!!
You kill the frilled lizard!
Trog accepts your kill.
You see here a frilled lizard corpse.
You butcher the frilled lizard corpse.
j - 21 chunks of flesh {@w0} (gained 1)
You see here a frilled lizard skeleton.
(D) Dungeon (T) Temple (L) Lair (A) Shoals (P) Snake Pit
Where to? (Enter - D:1, ? - help)
Okay, then.
Unknown command.
(D) Dungeon (T) Temple (L) Lair (A) Shoals (P) Snake Pit
Where to? (Enter - D:1, ? - help)
You open the door.
There is an open door here.
There is an open door, spattered with blood here.
There is a stone staircase leading up here.
You climb upwards.
There is a stone staircase leading down here.
(D) Dungeon (T) Temple (L) Lair (A) Shoals (P) Snake Pit
Where to? (Enter - D:3, ? - help) Some of the chunks of flesh in your inventory have rotted away.
There is a stone staircase leading up here.
You climb upwards.
There is a stone staircase leading down here.
(D) Dungeon (T) Temple (L) Lair (A) Shoals (P) Snake Pit
Where to? (Enter - D:2, ? - help) Have to go through D:3.
Continue? [Y]es or [N]o only, please.
Have to go through D:3.
Continue? [Y]es or [N]o only, please.
Have to go through D:3.
Continue?
You climb downwards.
There is a stone staircase leading up here.
Some of the chunks of flesh in your inventory have rotted away.
There is a stone staircase leading down here.
You see here an adder skeleton.
There is an escape hatch in the ceiling here.
A mysterious force pulls you upwards. The hatch slams shut behind you.
You see here a +0 whip.
There is a stone staircase leading up here.
You climb upwards.
There is a stone staircase leading down here.
(D) Dungeon (T) Temple (L) Lair (A) Shoals (P) Snake Pit
Where to? (Enter - D:1, ? - help)
Okay, then.
You see here a scale mail.
There is an open door here.
There is a staircase leading out of the dungeon here.
Are you sure you want to leave the Dungeon?
This will make you lose the game!
You have escaped!

#####.#####.#
#.......#
#.>.....#
#........
#.#####.#
#.......# #.#
#.##
#.......# #.#
#..#
#.......# #.#
##.#
#####.###
#.######.#
#.# #
#.##...#.#
#.#
#..+.@.'.#
#.#
#..#...###
#.# #..#####
##.## ####
##...##
##.#....
#.##....
#.##....
#.##....
##.#....


There were no monsters in sight!

Vanquished Creatures
  A minotaur (Gauntlet)
  Erica (Lair:1)
  3 hydras
  4 two-headed ogres
  Urug (Lair:1)
  An orange crystal statue (Gauntlet)
  Pikel (D:7)
  2 oklob plants (Lair:3)
  4 elephants (Gauntlet)
  A smoke demon (Gauntlet)
  A torpor snail (Gauntlet)
  5 spiny frogs
  Psyche (D:8)
  4 komodo dragons
  A rime drake (Lair:3)
  A troll (D:9)
  A polar bear (Lair:3)
  A hornet (D:8)
  Grinder (D:5)
  Prince Ribbit (D:7)
  3 hippogriffs
  8 blink frogs
  Sigmund (D:6)
  23 yaks
  2 wyverns
  A hungry ghost (D:7)
  Menkaure (D:7)
  4 nagas (Lair:2)
  5 porcupines
  A water moccasin (D:5)
  2 sky beasts
  2 ice beasts
  2 phantoms (D:8)
  2 black bears
  5 ogres
  A necrophage (D:8)
  10 wolves (Lair:2)
  2 centaurs
  A big kobold (D:9)
  3 crocodiles
  6 bullfrogs
  3 scorpions
  6 killer bees (D:7)
  7 wights
  7 howler monkeys
  5 crimson imps
  2 bullfrog zombies
  7 jellies
  3 hounds
  A bullfrog skeleton (D:9)
  3 orc priests
  3 centaur skeletons
  4 iguanas
  4 orc wizards
  3 worker ants
  3 hound skeletons
  3 gnolls (D:2)
  5 adders
  A shadow imp (D:5)
  An adder zombie (D:8)
  2 adder skeletons
  A worm (D:2)
  2 dart slugs
  3 leopard geckos
  27 orcs
  A ball python (D:3)
  5 giant cockroaches
  5 goblins
  5 hobgoblins
  12 jackals
  3 kobolds
  3 quokkas
  10 bats
  2 frilled lizards
  5 rats
  9 plants
287 creatures vanquished.

Vanquished Creatures (others)
  An ice beast (D:7)
  An orc warrior (D:7)
  3 slaves (D:7)
  A necrophage (D:7)
  A fungus (Lair:2)
  2 plants (Lair:2)
9 creatures vanquished.

Grand Total: 296 creatures vanquished

Notes
Turn   | Place    | Note
-------+----------+-------------------------------------------
     0 | D:1      | sankara the Deep Dwarf Berserker began the quest for the
                  | Orb.
     0 | D:1      | Reached XP level 1. HP: 20/20 MP: 1/1
   256 | D:1      | Reached XP level 2. HP: 25/27 MP: 2/2
   801 | D:2      | Reached skill level 4 in Axes
   808 | D:2      | Reached XP level 3. HP: 28/33 MP: 3/3
   872 | D:2      | Found a radiant altar of Vehumet.
   874 | D:2      | Found an opulent altar of Gozag.
  1109 | D:2      | Reached ** piety under Trog
  1301 | D:2      | Reached skill level 3 in Armour
  1301 | D:2      | Reached skill level 3 in Dodging
  1301 | D:2      | Reached XP level 4. HP: 30/40 MP: 4/4
  1511 | D:2      | Found a blossoming altar of Fedhas.
  1513 | D:2      | Found a sparkling altar of Nemelex Xobeh.
  2109 | D:3      | Found a blossoming altar of Fedhas.
  2132 | D:4      | Reached skill level 5 in Axes
  2140 | D:4      | Reached XP level 5. HP: 32/46 MP: 5/5
  2178 | D:4      | Noticed an ogre
  2187 | D:4      | Killed an ogre
  2187 | D:4      | Reached XP level 6. HP: 24/55 MP: 6/6
  2207 | D:4      | Reached skill level 4 in Armour
  2207 | D:4      | Reached skill level 4 in Dodging
  2314 | D:4      | Reached skill level 6 in Axes
  2531 | D:4      | You fall through a shaft!
  2531 | D:5      | Entered Level 5 of the Dungeon
  2534 | D:5      | Noticed an ice beast
  2547 | D:5      | Killed an ice beast
  2671 | D:5      | Found a sacrificial altar of Ru.
  2723 | D:5      | Noticed Grinder
  2737 | D:5      | Killed Grinder
  2737 | D:5      | Reached skill level 7 in Axes
  2737 | D:5      | Reached XP level 7. HP: 40/61 MP: 7/7
  2858 | D:5      | Reached skill level 5 in Armour
  2858 | D:5      | Reached skill level 5 in Dodging
  3518 | D:6      | Reached skill level 8 in Axes
  3518 | D:6      | Reached XP level 8. HP: 39/68 MP: 8/8
  3587 | D:6      | Found a snail-covered altar of Cheibriados.
  3587 | D:6      | Found a hazy altar of Hepliaklqana.
  3722 | D:6      | Got a jewelled scale mail
  3733 | D:6      | Identified the +6 scale mail of Responsibility {+Fly Dex+3}
                  | (You found it on level 6 of the Dungeon)
  3789 | D:6      | Found a staircase to the Ecumenical Temple.
  3798 | Temple   | Entered the Ecumenical Temple
  4024 | D:6      | Reached skill level 1 in Evocations
  4334 | D:6      | Noticed Sigmund
  4339 | D:6      | Killed Sigmund
  4339 | D:6      | Reached skill level 6 in Armour
  4339 | D:6      | Reached skill level 6 in Dodging
  4339 | D:6      | Reached skill level 2 in Evocations
  4387 | D:6      | Found an iron altar of Okawaru.
  4541 | D:7      | Reached skill level 9 in Axes
  4639 | D:7      | Noticed Menkaure
  4646 | D:7      | Killed Menkaure
  4646 | D:7      | Reached skill level 3 in Evocations
  4740 | D:7      | Noticed Pikel
  4746 | D:7      | Killed Pikel
  4746 | D:7      | Reached skill level 3 in Fighting
  4746 | D:7      | Reached skill level 1 in Stealth
  4746 | D:7      | Gained mutation: You passively map the area around you.
                  | [Deep Dwarf growth]
  4746 | D:7      | Reached XP level 9. HP: 75/75 MP: 11/11
  4763 | D:7      | HP: 14/75 [orc warrior/+0 dire flail (13)]
  4764 | D:7      | Reached skill level 2 in Stealth
  4854 | D:7      | Reached skill level 4 in Evocations
  4860 | D:7      | Noticed Prince Ribbit
  4875 | D:7      | Killed Prince Ribbit
  4875 | D:7      | Reached skill level 10 in Axes
  4875 | D:7      | Reached skill level 7 in Armour
  4981 | D:7      | Reached skill level 7 in Dodging
  4981 | D:7      | Reached skill level 3 in Stealth
  5264 | D:7      | Reached *** piety under Trog
  5273 | D:7      | Reached skill level 5 in Evocations
  5771 | D:7      | Found an ornate altar of the Wu Jian Council.
  5776 | D:7      | Found a bloodstained altar of Trog.
  5961 | D:8      | Paralysed by a hornet for 1 turns
  5966 | D:8      | Paralysed by a hornet for 2 turns
  5973 | D:8      | Reached skill level 4 in Stealth
  5973 | D:8      | Reached XP level 10. HP: 50/85 MP: 13/13
  6049 | D:8      | Reached skill level 4 in Fighting
  6157 | D:8      | Got a shimmering chain mail
  6168 | D:8      | Identified the +7 chain mail of Lucidity {Str+3 Int+3} (You
                  | found it on level 8 of the Dungeon)
  6357 | D:8      | Found Vurobbuj's Armour Shoppe.
  6357 | D:8      | Noticed a two-headed ogre
  6364 | D:8      | Noticed Psyche
  6371 | D:8      | Killed a two-headed ogre
  6371 | D:8      | Reached skill level 11 in Axes
  6388 | D:8      | Killed Psyche
  6411 | D:8      | Bought a +2 cloak of magic resistance for 301 gold pieces
  6683 | D:8      | Reached skill level 6 in Evocations
  6812 | D:9      | Noticed a two-headed ogre
  6825 | D:9      | Killed a two-headed ogre
  6825 | D:9      | Reached skill level 8 in Armour
  6825 | D:9      | Reached skill level 5 in Stealth
  6873 | D:9      | Reached skill level 8 in Dodging
  6938 | D:9      | Reached skill level 12 in Axes
  7233 | D:9      | HP: 21/87 [orc priest/divine providence (13)]
  7408 | D:9      | HP: 8/87 [ogre/+0 giant club (15)]
  7411 | D:9      | Reached skill level 5 in Fighting
  7477 | D:9      | HP: 22/88 [acid (1)]
  7648 | D:9      | Found a glowing silver altar of Zin.
  7801 | D:9      | Reached skill level 7 in Evocations
  7841 | D:9      | Found a white marble altar of Elyvilon.
  7927 | D:9      | Found a burning altar of Makhleb.
  7927 | D:9      | Noticed a blizzard demon
  7930 | D:9      | Noticed an orange demon
  8080 | D:9      | Found a basalt altar of Yredelemnul.
  8143 | D:10     | Entered Level 10 of the Dungeon
  8181 | D:10     | Got a twisted robe
  8200 | D:10     | Noticed a two-headed ogre
  8206 | D:10     | HP: 33/132 [two-headed ogre/+0 giant club (5)]
  8210 | D:10     | Killed a two-headed ogre
  8210 | D:10     | Reached XP level 11. HP: 20/94 MP: 15/15
  8265 | D:10     | Noticed a two-headed ogre
  8275 | D:10     | Killed a two-headed ogre
  8275 | D:10     | Reached skill level 13 in Axes
  8423 | D:10     | Found a staircase to the Lair.
  8444 | Lair:1   | Entered Level 1 of the Lair of Beasts
  8463 | Lair:1   | HP: 15/94 [yak (10)]
  8468 | Lair:1   | HP: 8/141 [yak (8)]
  8589 | Lair:1   | Noticed Erica
  8596 | Lair:1   | Killed Erica
  8596 | Lair:1   | Reached skill level 14 in Axes
  8596 | Lair:1   | Reached skill level 8 in Evocations
  8647 | Lair:1   | Noticed Urug
  8658 | Lair:1   | Killed Urug
  8658 | Lair:1   | Reached skill level 15 in Axes
  9555 | Lair:2   | Received a gift from Trog
  9570 | Lair:2   | Reached skill level 16 in Axes
  9609 | Lair:2   | Found a staircase to the Shoals.
  9675 | Lair:2   | Found a staircase to the Snake Pit.
  9825 | Lair:2   | Noticed a six-headed hydra
  9844 | Lair:2   | Killed a one-headed hydra
  9844 | Lair:2   | Reached skill level 17 in Axes
 10154 | Lair:2   | Noticed Curus's ghost (journeyman MiAK)
 10163 | Lair:2   | Found a bloodstained altar of Trog.
 10170 | Lair:2   | Found a transporter.
 10179 | Lair:2   | Identified the cursed +3 trident of Qaryser {freeze, *Drain
                  | rElec rPois MP+9 Str+2}
 10179 | Lair:2   | Noticed a spriggan rider
 10208 | Lair:2   | Reached skill level 1 in Crossbows
 10260 | Lair:2   | Reached XP level 12. HP: 76/103 MP: 15/15
 10310 | Lair:2   | Reached skill level 2 in Crossbows
 10404 | Lair:2   | Identified the +3 trident of Lamy {flame, *Noise Int+7
                  | SInv}
 10421 | Lair:2   | Found a transporter.
 10701 | Lair:3   | Reached **** piety under Trog
 10778 | Lair:3   | Reached skill level 3 in Crossbows
 10804 | Lair:3   | Noticed an eight-headed hydra
 10809 | Lair:3   | HP: 25/103 [eight-headed hydra (8)]
 10814 | Lair:3   | HP: 15/154 [four-headed hydra (1)]
 10817 | Lair:3   | Killed a two-headed hydra
 10832 | Lair:3   | Reached skill level 4 in Crossbows
 11020 | Lair:3   | Reached skill level 18 in Axes
 11087 | Lair:3   | Found a gate leading to a gauntlet.
 11096 | Gauntlet | Entered a Gauntlet
 11096 | Gauntlet | Found a transporter.
 11096 | Gauntlet | Found a transporter.
 11100 | Gauntlet | Found a transporter.
 11103 | Gauntlet | Found a transporter.
 11104 | Gauntlet | Found a transporter.
 11104 | Gauntlet | Found a transporter.
 11136 | Gauntlet | Found a transporter.
 11140 | Gauntlet | Found a transporter.
 11148 | Gauntlet | Found a transporter.
 11164 | Gauntlet | Found a transporter.
 11179 | Gauntlet | Found a transporter.
 11183 | Gauntlet | Found a transporter.
 11273 | Gauntlet | Reached skill level 5 in Crossbows
 11376 | Gauntlet | Got a faintly glowing copper ring
 11379 | Gauntlet | Noticed a two-headed ogre
 11383 | Gauntlet | Identified the ring of Riqif {rF+ Dex+4} (You found it in a
                  | Gauntlet)
 11446 | Gauntlet | Identified the +7 executioner's axe of Superiority {venom,
                  | rElec Str+2}
 11446 | Gauntlet | Identified the +5 leather armour "Saisaed" {rPois SInv}
 11446 | Gauntlet | Noticed a minotaur
 11458 | Gauntlet | Killed a minotaur
 11497 | Gauntlet | Got a thick robe
 11658 | Lair:3   | Reached skill level 6 in Crossbows
 12081 | Lair:3   | Noticed an eight-headed hydra
 12097 | Lair:3   | Killed a one-headed hydra
 12572 | D:$      | Got out of the dungeon alive.

Skill      XL: |  1  2  3  4  5  6  7  8  9 10 11 12 |
---------------+-------------------------------------+-----
Axes           | 4 5 7 8 9 10 12 17 18 | 18.9
Armour         | 3 4 5 6 7 8 |  8.9
Dodging        | 3 4 5 6 7 8 |  8.8
Evocations     | 3 5 7 8 |  8.3
Fighting       | 3 5 |  5.0
Stealth        | 1 4 5 |  5.2
Crossbows      | 1 6 |  6.6

Action                   |  1- 3 |  4- 6 |  7- 9 | 10-12 || total
-------------------------+-------+-------+-------+-------++-------
Melee: Hand axe          |    52 |    52 |       |    24 ||   128
       War axe           |       |    30 |   280 |   208 ||   518
       Battleaxe         |       |       |       |   224 ||   224
       Executioner's axe |       |       |       |    35 ||    35
 Fire: Hunting sling     |    37 |    60 |    76 |   104 ||   277
       Hand crossbow     |       |       |       |    13 ||    13
Throw: Tomahawk          |       |       |       |     5 ||     5
       Stone             |       |       |       |     3 ||     3
       Javelin           |       |       |       |     3 ||     3
Invok: Trog's Hand       |     1 |     4 |     9 |    14 ||    28
       Berserk           |       |     1 |     9 |    19 ||    29
       Brothers in Arms  |       |       |       |     1 ||     1
 Abil: Heal Wounds       |       |       |       |    13 ||    13
Evoke: Wand              |       |       |       |     1 ||     1
  Use: Scroll            |       |       |     2 |     9 ||    11
       Potion            |       |       |       |     7 ||     7
  Eat: Chunk             |     1 |     7 |    16 |    38 ||    62
       Ration            |       |       |     3 |     2 ||     5
Armor: Scale mail        |    28 |    49 |   146 |     4 ||   227
       Chain mail        |       |       |       |   284 ||   284
Dodge: Dodged            |    29 |    48 |   216 |   251 ||   544

Levels and vault maps discovered:
D:1:      dpeg_arrival_tiny_h, layout_loops_cross
D:2:      layout_loops_ring, nicolae_overflow_hidden_temple
D:3:      layout_rooms, fedhas_altar_2
D:4:      layout_gridville, item_on_display_a
D:5:      layout_rooms, nicolae_ru_path_of_blood, serial_rivers,
          chequers_serial_rivers_room_a, chequers_serial_rivers_micro_d,
          chequers_serial_rivers_marsh, chequers_serial_rivers_marsh,
          chequers_serial_rivers_small_a, chequers_serial_rivers_large_b,
          first_ration, kennysheep_dice, uniq_grinder
D:6:      layout_rooms, marbit_many_paths, gammafunk_temple_overflow_wave,
          temple_statues, serial_co_window_serial, co_window_of_opportunity_a,
          co_window_paths_a, co_window_cross_1, co_window_paths_b,
          co_window_paths_b, co_window_paths_b, co_window_corner_cb,
          co_window_corner_b, co_window_unsneaky_path_c, co_window_paths_c,
          co_window_of_opportunity_c, glass_columns_a, glass_columns_c,
          glass_columns_a, glass_columns_b, glass_columns_b, uniq_sigmund
D:7:      layout_basic, amethyst_overflow_temple_binary, feat_on_display,
          uniq_prince_ribbit1, uniq_pikel, uniq_menkaure
D:8:      layout_basic, serial_shops, shop, uniq_psyche
D:9:      layout_cave_pools, kennysheep_ying_yang, lemuel_crystal_altar,
          blue_anna_alchemist [blue_anna_fruit_fields, blue_anna_fruit_fields],
          makhleb_altar_promises_db
D:10:     layout_roguey, dpeg_oklobed_lair, grunt_ministairs_11
Temple:   dpeg_three_leaves_temple
Lair:1:   layout_cave_pods, minivault_23, grunt_megastairs_5, lemuel_fruit_tree,
          lemuel_fruit_fields, uniq_erica, uniq_urug
Lair:2:   layout_roguey, shoals_dummy_entry, minmay_snake_entry_guardpost_small,
          gammafunk_ghost_wrathful_warriors, beast_lair_carwin_6
Lair:3:   layout_chaotic_city, gauntlet_entry_generic,
          minmay_lair_oklob_chamber, serial_bayou_shore_a
Lair:4:   layout_long_grid
Gauntlet: minmay_gauntlet_77_indecision [minmay_gauntlet_arena_77_mess,
          minmay_gauntlet_arena_77_box, minmay_gauntlet_arena_77_hold_the_fort,
          minmay_gauntlet_arena_77_p_blocks, minmay_gauntlet_arena_77_museum,
          minmay_gauntlet_arena_77_two_lines, gauntlet_exit_green]

Table legend:
 A = Turns spent in this place as a percentage of turns spent in the entire game.
 B = Non-inter-level travel turns spent in this place as a percentage of non-inter-level travel turns spent in the entire game.
 C = Inter-level travel turns spent in this place as a percentage of turns spent in this place.
 D = Turns resting spent in this place as a percentage of non-inter-level travel turns spent in this place.
 E = Turns spent auto-exploring this place as a percentage of non-inter-level travel turns spent in this place.
 F = Non-inter-level travel turns spent in this place divided by the number of levels of this place that you've seen.
                   A       B       C       D       E      F
               +-------+-------+-------+-------+-------+----------------------
         Total | 100.0 | 100.0 |  10.7 |   6.7 |  64.8 | 701.9
       Dungeon |  68.9 |  70.3 |   8.9 |   6.6 |  66.2 | 789.1
        Temple |   0.7 |   0.6 |  17.2 |   0.0 |  97.2 |  72.0
          Lair |  26.0 |  24.2 |  16.9 |   2.6 |  70.1 | 679.0
      Gauntlet |   4.4 |   4.9 |   0.0 |  30.1 |  13.8 | 552.0
               +-------+-------+-------+-------+-------+----------------------

Table legend:
 A = Kills in this place as a percentage of kills in entire the game.
 B = Kills by you in this place as a percentage of kills by you in the entire game.
 C = Kills by friends in this place as a percentage of kills by friends in the entire game.
 D = Other kills in this place as a percentage of other kills in the entire game.
 E = Experience gained in this place as a percentage of experience gained in the entire game.
 F = Experience gained in this place divided by the number of levels of this place that you have seen.
                   A       B       C       D       E      F
               +-------+-------+-------+-------+-------+----------------------
         Total | 100.0 | 100.0 |   N/A | 100.0 | 100.0 | 2353.9
       Dungeon |  69.5 |  69.4 |   N/A | 100.0 |  33.8 | 1272.7
          Lair |  26.9 |  27.0 |   N/A |   0.0 |  54.1 | 5096.8
      Gauntlet |   3.6 |   3.6 |   N/A |   0.0 |  12.1 | 4548.0
               +-------+-------+-------+-------+-------+----------------------
